 Dungeon Crawl Stone Soup version 0.22.0-38-g04b72b8 (webtiles) character file.

96 Marcoleric the Chopper (level 4, -2/33 HPs)
             Began as a Demonspawn Gladiator on Aug 29, 2018.
             Slain by a hippogriff (6 damage)
             ... on level 2 of the Dungeon.
             The game lasted 00:04:03 (1467 turns).

Marcoleric the Chopper (Demonspawn Gladiator)       Turns: 1467, Time: 00:04:03

Health: -2/33      AC:  6    Str: 15 (16) XL:     4   Next: 41%
Magic:  4/4        EV: 12    Int:  6 (9)  God:
Gold:   69         SH:  0    Dex: 12 (14) Spells: 3/3 levels left

rFire    . . .     SeeInvis .   a - +0 war axe
rCold    . . .     Gourm    .   (no shield)
rNeg     . . .     Faith    .   b - +1 leather armour
rPois    .         Spirit   .   c - +0 helmet
rElec    .         Reflect  .   (no cloak)
rCorr    .         Harm     .   (no gloves)
MR       .....                  (no boots)
Stlth    +.........             (no amulet)
HPRegen  0.11/turn              (no ring)
MPRegen  0.09/turn              (no ring)

@: no status effects
A: rugged brown scales 1, spiny 2
a: no special abilities


You were on level 2 of the Dungeon.
You were not hungry.

You visited 1 branch of the dungeon, and saw 2 of its levels.

You collected 69 gold pieces.

Inventory:

Hand Weapons
 a - a +0 war axe (weapon)
Missiles
 d - 3 throwing nets (quivered)
Armour
 b - a +1 leather armour (worn)
 c - a +0 helmet (worn)
Scrolls
 e - a scroll of identify
 g - a scroll of magic mapping
 h - a scroll of remove curse
Comestibles
 f - a ration


   Skills:
 + Level 2.2 Fighting
 + Level 4.0 Axes
 + Level 2.0 Throwing
 + Level 1.1 Armour
 + Level 3.1 Dodging
 + Level 0.2 Stealth


You had 3 spell levels left.
You didn't know any spells.
Your spell library was empty.

Dungeon Overview and Level Annotations

Branches:
Dungeon (2/15)

Altars:


Innate Abilities, Weirdness & Mutations

You are partially covered in rugged brown scales. (AC +1, +3% HP)
You are mostly covered in sharp spines.


Message History

The adder bites you but does no damage. The adder closely misses you.
The hippogriff barely misses you. The hippogriff pecks you.
The hippogriff claws you but does no damage.
You closely miss the hippogriff.
The hippogriff is almost dead.
You barely miss the adder. The adder bites you.
The hippogriff bites you but does no damage.
The hippogriff pecks you. The hippogriff barely misses you.
The adder bites you but does no damage.
You barely miss the hippogriff.
The hippogriff is almost dead.
You closely miss the adder. The adder is struck by your spines.
The adder bites you.
* * * LOW HITPOINT WARNING * * *
The hippogriff bites you.
* * * LOW HITPOINT WARNING * * *
The hippogriff pecks you.
* * * LOW HITPOINT WARNING * * *
The hippogriff claws you.
You die...

#.....# #.#
#.#.#.###.##### #
..(.....(....###
#..#.#.###........
#........†........
#.##.#.†..#.##.##.
#.##...#.# .# #.
##....# # #.
#@.###
#.###HS####.#
#.......$..S#
.######..#####.
.........#
######.?.# #...#
#..... ##..###


You could see a hippogriff and an adder.

Vanquished Creatures
  3 adders (D:2)
  An ooze (D:2)
  5 dart slugs
  2 leopard geckos
  A giant cockroach (D:2)
  3 goblins
  7 hobgoblins
  10 jackals
  5 kobolds
  A ball python (D:1)
  7 bats
  A frilled lizard (D:1)
  6 rats
52 creatures vanquished.

Notes
Turn   | Place    | Note
-------+----------+-------------------------------------------
     0 | D:1      | Marcoleric the Demonspawn Gladiator began the quest for the Orb.
     0 | D:1      | Reached XP level 1. HP: 16/16 MP: 1/1
   109 | D:1      | Reached skill level 3 in Axes
   113 | D:1      | Gained mutation: You are partially covered in sharp spines. [demonic ancestry]
   113 | D:1      | Reached XP level 2. HP: 12/22 MP: 2/2
   639 | D:1      | Gained mutation: You are partially covered in rugged brown scales. (AC +1, +3% HP) [demonic ancestry]
   639 | D:1      | Reached XP level 3. HP: 19/27 MP: 3/3
  1421 | D:2      | Gained mutation: You are mostly covered in sharp spines. [demonic ancestry]
  1421 | D:2      | Reached XP level 4. HP: 33/33 MP: 4/4
  1429 | D:2      | Reached skill level 4 in Axes
  1448 | D:2      | Reached skill level 1 in Armour
  1452 | D:2      | Noticed a hippogriff
  1467 | D:2      | Slain by a hippogriff

Skill      XL: |  1  2  3  4 |
---------------+-------------+-----
Axes           | 3 4 |  4.0
Throwing       | 2 |  2.0
Dodging        | 3 |  3.1
Armour         | 1 |  1.1
Fighting       | |  2.2
Stealth        | |  0.2

Action                   |  1- 3 |  4- 6 || total
-------------------------+-------+-------++-------
Melee: War axe           |    78 |    15 ||    93
  Use: Potion            |     5 |       ||     5
       Scroll            |     4 |       ||     4
  Eat: Ration            |     1 |       ||     1
Armor: Leather armour    |    27 |    11 ||    38
Dodge: Dodged            |    62 |    15 ||    77
